 Dungeon Crawl Stone Soup version 0.31-a0-369-g8eba5f6939 (webtiles) character file.

Game seed: 4434290084023289727

25 Flugkiller the Ruffian (level 2, -1/20 (22) HPs)
             Began as a Demonspawn Shapeshifter on July 28, 2023.
             Slain by a goblin
             ... wielding a +0 dagger
             ... led by Robin
              (4 damage)
             ... on level 2 of the Dungeon.
             The game lasted 00:00:43 (917 turns).

Flugkiller the Ruffian (Demonspawn Shapeshifter)     Turns: 917, Time: 00:00:43

HP:   -1/20 (22)    AC:  8    Str: 15    XL:     2   Next: 82%
MP:   2/2           EV: 12    Int:  9    God:
Gold: 52            SH:  0    Dex: 13    Spells: 1/1 levels left

rFire   . .          .
                       - Unarmed
rCold   . . .        (no shield)
rNeg    . . .        a - +0 animal skin
rPois   .            (helmet currently unavailable)
rElec   .            (cloak currently unavailable)
rCorr   .            (gloves currently unavailable)
SInv    .            (boots currently unavailable)
Will    .....        g - amulet of regeneration
Stlth   +            (no ring)
HPRegen 1.03/turn    (no ring)
MPRegen 0.08/turn

%: no passive effects
@: beast-form, sanguine armoured, drained
A: beast (slay +2), sanguine armour 1
a: Begin Untransformation


You were on level 2 of the Dungeon.
You were a hulking beast.
You visited 1 branch of the dungeon, and saw 2 of its levels.

You collected 52 gold pieces.

Inventory:

Armour
 a - a +0 animal skin (worn)
Jewellery
 g - an amulet of regeneration (around neck)
   (You found it on level 2 of the Dungeon)
Talismans
 c - a beast talisman
Scrolls
 e - a scroll of identify {unknown}
Potions
 b - a potion of lignification
 d - a potion of curing {unknown}
 f - 2 potions of might {unknown}


   Skills:
 + Level 1.7 Fighting
 - Level 1.7 Dodging
 + Level 3.0 Unarmed Combat
 * Level 3.0 Shapeshifting


You had one spell level left.
You didn't know any spells.
Your spell library was empty.

Dungeon Overview and Level Annotations

Branches:
Dungeon (2/15) Zot: 11085

Altars:

Annotations:
D:2 Robin


Innate Abilities, Weirdness & Mutations

You are a hulking beast.
Your limbs bulge with bestial killing power. (Slay +2)
When seriously injured, your blood forms armour. (AC +6)


Message History

Things that are here:
a +0 dagger; a kobold corpse You hit the hobgoblin.
Your punch misses the hobgoblin.
The hobgoblin is almost dead.
The hobgoblin barely misses you.
You closely miss the hobgoblin. You punch the hobgoblin.
The hobgoblin is almost dead.
You hit the hobgoblin but do no damage.
The hobgoblin is almost dead.
The hobgoblin closely misses you.
You hit the hobgoblin but do no damage.
The hobgoblin is almost dead.
The endoplasm hits you. The hobgoblin closely misses you.
You closely miss the hobgoblin.
The hobgoblin is almost dead.
The endoplasm freezes you.
You are frozen.
Your blood congeals into armour.
The hobgoblin hits you but does no damage.
You hit the hobgoblin.
You kill the hobgoblin!
The endoplasm hits you but does no damage.
You hit the endoplasm.
The endoplasm is heavily wounded.
The endoplasm barely misses you.
You hit the endoplasm but do no damage.
The endoplasm is heavily wounded.
Your blood armour dries and flakes away.
The endoplasm closely misses you.
You hit the endoplasm.
You kill the endoplasm!
No target in view!
No target in view!
No target in view!
No target in view!
No target in view!
No target in view!
No target in view!
No target in view!
No target in view!
g - an amulet of regeneration You start putting on your amulet.
You continue putting on your amulet of regeneration. x5
You finish putting on your amulet of regeneration.
The amulet cannot attune itself to your injured body.
g - an amulet of regeneration (around neck)
You start resting.
HP restored.
Your amulet attunes itself to your body as you begin to regenerate more quickly.
You now have 52 gold pieces (gained 6).
Found a blade talisman.
Found a stone staircase leading down.
Found a stone staircase leading down.
A goblin comes into view. It is wielding a +0 dagger.
The goblin unwields a +0 dagger.
The goblin wields a +0 sling.
The goblin shoots a sling bullet.
The sling bullet misses you.
You hear a shout! x3
A goblin and a kobold come into view.
The kobold is wielding a +0 dagger of draining.
The goblin shouts!
The kobold shouts!
You hear a shout!
An endoplasm comes into view.
Robin of the Strong Arm comes into view.
They are wielding a +0 dagger.
A goblin comes into view. It is wielding a +0 dagger.
The goblin shouts!
You hear a shout! x2
A goblin comes into view. It is wielding a +0 dagger.
A goblin comes into view. It is wielding a +0 club.
Robin throws the goblin at you!
A hobgoblin comes into view.
A goblin comes into view. It is wielding a +0 dagger.
The goblin shoots a sling bullet.
The sling bullet hits you.
You closely miss the goblin. The goblin barely misses you.
A hobgoblin comes into view.
You closely miss the goblin.
A goblin comes into view. It is wielding a +0 dagger.
Robin roars a battlecry!
The goblins go into a battle-frenzy!
A hobgoblin comes into view.
The goblin hits you with a +0 dagger.
The goblin shoots a sling bullet.
The sling bullet barely misses you.
The sling bullet hits the goblin!
The goblin dies!
The goblin shouts!
The kobold hits you with a +0 dagger of draining.
You feel drained.
You barely miss the goblin.
The goblin shouts!
The goblin barely misses you. The kobold misses you.
The goblin shoots a sling bullet.
The sling bullet hits you.
Your blood congeals into armour.
The goblin attacks as you move away! The goblin barely misses you.
The kobold attacks as you move away!
The kobold hits you with a +0 dagger of draining.
You feel drained. Robin throws the goblin at you!
The goblin hits you with a +0 dagger. The goblin hits you with a +0 dagger.
* * * LOW HITPOINT WARNING * * *
The goblin attacks as you move away! The goblin hits you but does no damage.
Robin throws the goblin at you!
* * * LOW HITPOINT WARNING * * *
The goblin attacks as you move away! The goblin hits you with a +0 dagger.
* * * LOW HITPOINT WARNING * * *
The goblin hits you with a +0 dagger.
You die...

.....g....# ...#
......g..◎# .>...#
####.#.g..# ......
.........g#####......
........).g.#.........
........$.g............
...!......gJ............#
...........ggK..........#
..........##gh..........###
..............#............
.........##..)†............
..............#.#.........
.........###...#.........
#####...###.............
............#........
#.##............##.... ..
#............# ...


You could see Robin, an endoplasm, 3 hobgoblins, 5 goblins and a kobold.

Vanquished Creatures
  3 bats (D:1)
  2 endoplasms
  2 giant cockroaches
  3 hobgoblins
  A quokka (D:1)
  2 ball pythons
  A frilled lizard (D:1)
  6 kobolds
  3 rats
23 creatures vanquished.

Vanquished Creatures (others)
  A goblin (D:2)
1 creature vanquished.

Grand Total: 24 creatures vanquished

Notes
Turn   | Place    | Note
-------+----------+-------------------------------------------
     0 | D:1      | Flugkiller the Demonspawn Shapeshifter began the quest for
                  | the Orb.
     0 | D:1      | Reached XP level 1. HP: 15/15 MP: 1/1
   197 | D:1      | Gained mutation: When seriously injured, your blood forms
                  | armour. (AC +6) [demonic ancestry]
   197 | D:1      | Reached XP level 2. HP: 21/21 MP: 2/2
   682 | D:1      | Found a faded altar of an unknown god.
   906 | D:2      | Noticed Robin
   917 | D:2      | Slain by a goblin

Illustrated notes

Levels and vault maps discovered:
D:1:      matt_arrival_spirals, layout_loops_ring,
          shapermc_ecumenical_altar_ellora
D:2:      layout_rooms, basic_altar, serial_bayou_pond_a, uniq_robin

Skill      XL: |  1  2 |
---------------+-------+-----
Unarmed Combat | 3 |  3.0
Shapeshifting  | 3 |  3.0
Fighting       | |  1.7
Dodging        | |  1.7

Action                     || total
---------------------------++-------
  Melee: Unarmed           ||    64
         Punch             ||     2
   Stab: Sleeping          ||     1
 Armour: Animal skin       ||    14
  Dodge: Dodged            ||    39

Table legend: (Time is in decaauts)
 A = Elapsed time spent in this place.
 B = Non-inter-level travel time spent in this place.
 C = Inter-level travel time spent in this place.
 D = Time resting spent in this place.
 E = Time spent auto-exploring this place.
 F = Levels seen in this place.
 G = Mean time per level.
                   A        B        C        D        E       F      G
               +--------+--------+--------+--------+--------+-----+--------+
         Total |    913 |    877 |     36 |     48 |    670 |   2 |  456.5 |
       Dungeon |    913 |    877 |     36 |     48 |    670 |   2 |  456.5 |
               +--------+--------+--------+--------+--------+-----+--------+

Top non-repeatable levels by time:
     D:1: 826 daAuts
     D:2: 87 daAuts
